 Dungeon Crawl Stone Soup version 0.31.0-32-g396128a36d (webtiles) character file.

Game seed: 16956881102247938432

313 Ijustatesigmund the Conjurer (level 6, 0/42 HPs)
             Began as an Octopode Conjurer on Mar 21, 2024.
             Slain by an iguana (8 damage)
             ... on level 4 of the Dungeon.
             The game lasted 00:04:39 (3816 turns).

Ijustatesigmund the Conjurer (Octopode Conjurer)    Turns: 3816, Time: 00:04:39

Health: 0/42       AC:  1    Str: 11    XL:     6   Next: 43%
Magic:  3/11       EV: 12    Int: 26    God:
Gold:   230        SH:  4    Dex: 10    Spells: 5/12 levels left

rFire   . . .        e - +0 war axe
rCold   . . .        l - +0 buckler
rNeg    + . .        (helmet restricted)
rPois   +            (no amulet)
rElec   .            i - ring of wizardry
rCorr   .            k - ring of positive energy
SInv    .            s - +6 ring of strength
Will    .....        (no ring)
Stlth   +++          (no ring)
HPRegen 0.27/turn    (no ring)
MPRegen 0.12/turn    (no ring)
                     (no ring)

%: wizardry (x1)
@: no status effects
A: almost no armour, amphibious, 8 rings, camouflage 1, gelatinous body 1,
(nimble swimmer 1), tentacles, clever 1, poison resistance, wild magic 1
a: no special abilities


You were on level 4 of the Dungeon.
You visited 1 branch of the dungeon, and saw 4 of its levels.

You collected 230 gold pieces.

Inventory:

Hand Weapons
 e - a +0 war axe (weapon)
Armour
 l - a +0 buckler (worn)
Jewellery
 i - a ring of wizardry (left tentacle)
 k - a ring of positive energy (right tentacle)
 s - a +6 ring of strength (on tentacle)
Scrolls
 c - 2 scrolls of blinking {unknown}
 f - a scroll of vulnerability {unknown}
 g - a scroll of teleportation {unknown}
 h - 3 scrolls of identify {unknown}
 j - 2 scrolls of fear {unknown}
 m - a scroll of amnesia {unknown}
 o - a scroll of enchant armour {unknown}
 q - a scroll of poison {unknown}
 r - a scroll of immolation {unknown}
Potions
 a - a potion of magic
 b - a potion of heal wounds {unknown}
 d - 2 potions of mutation
 n - 2 potions of curing {unknown}
 p - a potion of haste {unknown}
 t - a potion of might {unknown}


   Skills:
 + Level 3.0 Fighting
 - Level 2.0 Dodging
 - Level 2.6 Stealth
 + Level 2.4 Shields
 + Level 3.5 Spellcasting
 - Level 4.5 Conjurations
 + Level 2.1 Translocations


You had 5 spell levels left.
You knew the following spells:

 Your Spells              Type           Power      Damage    Failure   Level
a - Magic Dart            Conj           100%       1d8       1%          1
b - Searing Ray           Conj           72%        2d7       2%          2
c - Iskenderun's Mystic   Conj/Tloc      28%        2d7       17%         4

Your spell library contained the following spells:

 Spells                   Type           Power      Damage    Failure   Level
 Apportation              Tloc           40%        N/A       3%          1
 Sting                    Conj/Alch      84%        1d8       3%          1
 Necrotise                Necr           20%        1d5       8%          1
 Summon Small Mammal      Summ           20%        N/A       8%          1
 Fulminant Prism          Conj/Alch      10%        3d9       26%         4


Dungeon Overview and Level Annotations

Branches:
Dungeon (4/15)
 Temple: D:4-7

Altars:
Dithmenos
Gozag
Xom
Zin


Innate Abilities, Weirdness & Mutations

You cannot wear most types of armour.
You are amphibious.
You can wear up to eight rings at the same time.
Your skin changes colour to match your surroundings (Stealth+).
Your rubbery body absorbs attacks. (AC +1, EV +1)
((You are camouflaged when in or above water. (Stealth+)))
You have tentacles for arms and can constrict up to eight enemies at once.
Your mind is acute. (Int +4, Str/Dex -1)
Your system is resistant to poisons. (rPois)
Your spells are a little harder to cast, but a little more powerful.


Message History

Aim: an iguana (moderately wounded, 100% to hit)
The magic dart hits the iguana.
The iguana is heavily wounded.
The iguana closely misses you.
Casting: Magic Dart (safe; 1% risk of failure)
Confirm with . or Enter, or press ? or * to list all spells.
Aiming: Magic Dart (safe; 1% risk of failure)
Press: ? - help, Shift-Dir - straight line, f/p - iguana
Aim: an iguana (heavily wounded, 100% to hit)
The magic dart hits the iguana but does no damage.
The iguana is heavily wounded.
The iguana barely misses you.
An iguana is nearby!
You hit the iguana but do no damage. You grab the iguana.
The iguana is heavily wounded.
You constrict the iguana, but do no damage.
The iguana bites you! x2
You are too injured to fight recklessly!
You are too injured to fight recklessly!
You are too injured to fight recklessly!
You are too injured to fight recklessly!
You are too injured to fight recklessly!
You are too injured to fight recklessly!
You are too injured to fight recklessly!
Casting: Magic Dart (safe; 1% risk of failure)
Confirm with . or Enter, or press ? or * to list all spells.
Aiming: Magic Dart (safe; 1% risk of failure)
Press: ? - help, Shift-Dir - straight line, f/p - iguana
Aim: an iguana (heavily wounded, constricted by you, 100% to hit)
The magic dart hits the iguana.
The iguana is severely wounded.
You constrict the iguana, but do no damage.
The iguana bites you!
* * * LOW HITPOINT WARNING * * *
It was a potion of mutation.
You feel extremely strange.
You feel clever.
You feel resistant to poisons.
You feel less in control of your magic.
You constrict the iguana, but do no damage.
The iguana bites you!
You die...

# #..........#.# #..
.### ##.......###.# ###
... #...........# #.
#.#######.#.#†######.
#...#.....#.#.###....
#....#####+#........
#####..(.#......###.....
.........+..... #.....
.####.l@##..f. ##....
........<#..) #....
#####...#### ####. #.)$#
## ##### #


You could see an iguana.

Vanquished Creatures
  An ogre (D:4)
  A scorpion (D:4)
  A hound (D:4)
  A sleepcap (D:4)
  An orc wizard (D:2)
  3 adders
  3 dart slugs
  A ribbon worm (D:2)
  2 orcs (D:2)
  8 endoplasms
  3 giant cockroaches
  9 hobgoblins
  4 kobolds
  A quokka (D:1)
  4 ball pythons
  2 bats
  A frilled lizard (D:1)
  6 goblins
  5 rats (D:2)
57 creatures vanquished.

Notes
Turn   | Place    | Note
-------+----------+-------------------------------------------
     0 | D:1      | Ijustatesigmund the Octopode Conjurer began the quest for
                  | the Orb.
     0 | D:1      | Reached XP level 1. HP: 11/11 MP: 3/3
   737 | D:1      | Reached XP level 2. HP: 18/18 MP: 1/5
   740 | D:1      | Learned a level 2 spell: Searing Ray
   889 | D:1      | Found a faded altar of an unknown god.
  1107 | D:1      | Reached skill level 1 in Fighting
  1327 | D:2      | Reached XP level 3. HP: 16/23 MP: 0/6
  1573 | D:2      | Reached XP level 4. HP: 29/29 MP: 0/8
  1594 | D:2      | Learned a level 4 spell: Iskenderun's Mystic Blast
  2007 | D:2      | Reached skill level 1 in Shields
  2667 | D:3      | Found a glowing silver altar of Zin.
  2667 | D:3      | Found an opulent altar of Gozag.
  2674 | D:3      | Found a shadowy altar of Dithmenos.
  2674 | D:3      | Found a shimmering altar of Xom.
  3138 | D:4      | Noticed an ogre
  3142 | D:4      | Killed an ogre
  3143 | D:4      | Reached skill level 1 in Translocations
  3143 | D:4      | Reached XP level 5. HP: 35/35 MP: 3/9
  3333 | D:4      | Reached XP level 6. HP: 27/41 MP: 2/11
  3559 | D:4      | Identified the +5 ring mail of Episou {Harm *Corrode Dex+8}
  3816 | D:4      | Gained mutation: Your mind is acute. (Int +4, Str/Dex -1)
                  | [potion of mutation]
  3816 | D:4      | Gained mutation: Your system is resistant to poisons.
                  | (rPois) [potion of mutation]
  3816 | D:4      | Gained mutation: Your spells are a little harder to cast,
                  | but a little more powerful. [potion of mutation]
  3816 | D:4      | Slain by an iguana

Illustrated notes

Levels and vault maps discovered:
D:1:      nzn_arrival_settlement, layout_loops_cross, basic_ecumenical_altar,
          minmay_misc_feat_cross
D:2:      layout_loops_ring
D:3:      layout_basic, grunt_temple_overflow_open
D:4:      layout_basic, hangedman_decor_slide_cut

Skill      XL: |  1  2  3  4  5  6 |
---------------+-------------------+-----
Fighting       | 1 2 3 |  3.0
Shields        | 1 2 |  2.4
Spellcasting   | 3 |  3.5
Translocations | 1 2 |  2.1
Dodging        | |  2.0
Stealth        | |  2.6
Conjurations   | |  4.5

Action                     |  1- 3 |  4- 6 || total
---------------------------+-------+-------++-------
  Melee: Unarmed           |     7 |       ||     7
         Tentacles         |     4 |     6 ||    10
         Constrict         |     4 |     5 ||     9
         Dagger            |     4 |       ||     4
         War axe           |       |    24 ||    24
         Punch             |       |     1 ||     1
   Cast: Magic Dart        |    48 |    54 ||   102
         Searing Ray       |     1 |     3 ||     4
    Use: Potion            |       |     1 ||     1
   Stab: Sleeping          |       |     4 ||     4
 Armour: Skin              |     5 |    17 ||    22
  Dodge: Dodged            |    14 |    14 ||    28
  Block: Buckler           |       |     7 ||     7
